 Dungeon Crawl Stone Soup version 0.31-a0-1278-g11c5b68f87 (webtiles) character file.

Game seed: 14329906460181000243

54 gelatine the Trooper (level 3, -6/29 HPs)
             Began as a Demonspawn Fighter on Dec 18, 2023.
             Killed by nerve-wracking pain
             ... invoked by Jessica
              (12 damage)
             ... on level 2 of the Dungeon.
             The game lasted 00:03:05 (1429 turns).

gelatine the Trooper (Demonspawn Fighter)           Turns: 1429, Time: 00:03:06

Health: -6/29      AC:  3    Str: 18    XL:     3   Next: 66%
Magic:  3/3        EV: 10    Int: 14    God:
Gold:   59         SH:  4    Dex: 12    Spells: 2/2 levels left

rFire   . . .        j - +0 hand axe
rCold   . . .        c - +0 buckler
rNeg    . . .        e - +0 leather armour
rPois   .            (no helmet)
rElec   .            (no cloak)
rCorr   .            (no gloves)
SInv    .            (no boots)
Will    .....        (no amulet)
Stlth   +            n - ring of flight
HPRegen 0.24/turn    o - +6 ring of intelligence
MPRegen 0.08/turn

%: no passive effects
@: flying
A: weakness stinger 1
a: no special abilities


You were on level 2 of the Dungeon.
You visited 1 branch of the dungeon, and saw 2 of its levels.

You collected 59 gold pieces.

Inventory:

Hand Weapons
 a - a +0 war axe
 j - a +0 hand axe (weapon)
Missiles
 l - a throwing net
Armour
 b - a +0 scale mail
 c - a +0 buckler (worn)
 e - a +0 leather armour (worn)
Jewellery
 n - a ring of flight (left hand)
 o - a +6 ring of intelligence (right hand)
Talismans
 h - a beast talisman
Scrolls
 f - a scroll of fear {unknown}
 i - 2 scrolls of identify {unknown}
 m - 2 scrolls of teleportation {unknown}
 p - 2 scrolls of vulnerability {unknown}
Potions
 d - a potion of might
 g - a potion of enlightenment {unknown}
 k - a potion of degeneration {unknown}


   Skills:
 * Level 3.4 Fighting
 + Level 2.3 Axes
 * Level 3.1 Armour
 * Level 0.5 Dodging
 * Level 2.9 Shields
 * Level 0.1 Spellcasting
 * Level 0.3 Shapeshifting


You had 2 spell levels left.
You didn't know any spells.
Your spell library was empty.

Dungeon Overview and Level Annotations

Branches:
Dungeon (2/15)

Altars:

Shops:
D:1 (

Annotations:
D:2 Jessica, Sigmund


Innate Abilities, Weirdness & Mutations

You have a small tail.


Message History

A bat comes into view.
The bat moves out of view.
An endoplasm comes into view.
You block the bat's attack. The bat barely misses you.
There is a stone staircase leading up here.
You fly upwards.
There is a stone staircase leading down here.
There is a stone staircase leading down here.
You fly downwards.
Level annotation: Jessica, Sigmund
There is a stone staircase leading up here.
HP restored.
Jessica shouts!
You block Jessica's attack.
You hit Jessica.
Jessica is moderately wounded.
Jessica hits you with a +4 dagger of holy wrath.
You convulse.
Jessica hits you with a +4 dagger of holy wrath.
You convulse.
You closely miss Jessica. You tail-slap Jessica.
Jessica is moderately wounded.
Jessica hits you with a +4 dagger of holy wrath.
* * * LOW HITPOINT WARNING * * *
You convulse.
* * * LOW HITPOINT WARNING * * *
Unknown command.
You hit Jessica but do no damage.
Jessica is moderately wounded.
Jessica shouts, "I don't like beings like you!"
Jessica casts a spell at you. You resist with some effort.
You closely miss Jessica.
Your tail-slap misses Jessica.
Jessica is moderately wounded.
Jessica casts a spell.
Jessica blinks!
Jessica casts a spell at you. Pain shoots through your body!
You die...

#.#.# #............# ###
#.#.###.####.......# #..
#.#...#.# #......<# ######.#
bJ@..l..## #.......# #.......
..###....# #.......# #.####..
..#####..# #.......# #.#<....
..##.....###.......# #.#.....
####.#........############...#.#.
@..@..........@.@................
####................########...#.
######...........# ###.#.
#........ยง..# #.+. ##..........#
###. #..........# #. ..
#..........# #. ... #..........#
#. ...# #..........### #.


You could see Jessica.

Vanquished Creatures
  An adder (D:2)
  A worm (D:2)
  3 dart slugs
  5 bats (D:1)
  2 endoplasms (D:2)
  A giant cockroach (D:2)
  A goblin (D:1)
  5 hobgoblins
  A kobold (D:1)
  5 quokkas
  4 ball pythons
  3 frilled lizards
  A rat (D:1)
33 creatures vanquished.

Notes
Turn   | Place    | Note
-------+----------+-------------------------------------------
     0 | D:1      | gelatine the Demonspawn Fighter began the quest for the
                  | Orb.
     0 | D:1      | Reached XP level 1. HP: 18/18 MP: 1/1
   165 | D:1      | Gained mutation: You have a small tail. [demonic ancestry]
   165 | D:1      | Reached XP level 2. HP: 17/24 MP: 2/2
   412 | D:1      | Found Boexephu's Antique Weapon Emporium.
   510 | D:1      | Found a faded altar of an unknown god.
   964 | D:2      | Reached XP level 3. HP: 29/29 MP: 3/3
  1345 | D:2      | Noticed Jessica
  1346 | D:2      | Noticed Sigmund
  1429 | D:2      | Killed from afar by Jessica

Illustrated notes

Levels and vault maps discovered:
D:1:      psy_arrival_whirlpool, layout_loops_cross,
          shapermc_ecumenical_altar_flowoftime, serial_shops, shop,
          grunt_decor_cap, moated_statue, roderic_st_hans_cross,
          minmay_fountain_box
D:2:      layout_basic, uniq_jessica, uniq_sigmund

Skill      XL: |  1  2 |
---------------+-------+-----
Armour         | 3 |  3.1
Axes           | 2 |  2.3
Fighting       | |  3.4
Dodging        | |  0.5
Shields        | |  2.9
Spellcasting   | |  0.1
Shapeshifting  | |  0.3

Action                     || total
---------------------------++-------
  Melee: War axe           ||    56
         Tailslap          ||     8
         Hand axe          ||    37
 Armour: Scale mail        ||    16
         Leather armour    ||    52
  Dodge: Dodged            ||    45
  Block: Buckler           ||    24

Table legend: (Time is in decaauts)
 A = Elapsed time spent in this place.
 B = Non-inter-level travel time spent in this place.
 C = Inter-level travel time spent in this place.
 D = Time resting spent in this place.
 E = Time spent auto-exploring this place.
 F = Levels seen in this place.
 G = Mean time per level.
                   A        B        C        D        E       F      G
               +--------+--------+--------+--------+--------+-----+--------+
         Total |   1465 |   1413 |     52 |      0 |   1096 |   2 |  732.5 |
       Dungeon |   1465 |   1413 |     52 |      0 |   1096 |   2 |  732.5 |
               +--------+--------+--------+--------+--------+-----+--------+

Top non-repeatable levels by time:
     D:1: 989 daAuts
     D:2: 475 daAuts
